Unix NetHack Version 5.0.0-0 post-release - last build Jun 10 2026 00:39:30 (3ee93aec679c4c4259841fe613dc97188e26a321,branch:main).

Game began 2026-07-09 16:36:32, ended 2026-07-09 19:38:31.

DaveT, lawful male human Priest

                              ------------------
                      ---------................---------
                -------................................-------
           ------............................................------
        ----.................................j....................----
      ---............................................................---
    ---.................................`.~............................---
  ---.....................b..............~.~...................*.........---
  |...............%<%...................~...~................%.............|
  |..........................................~~%....c........(%............|
  |:...........................................~~~~~~w..@....%%.......>....|
  ---.....(..............................................................---
    ---....h...............j.Y.........................................---
      ---...................................H........................---
        ----......................................................----
           ------............................................------
                -------................................-------
                      ---------................---------
                              ------------------

DaveT the Priest             St:25 Dx:10 Co:18 In:10 Wi:17 Ch:10  Lawful
Dlvl:12 $:135 HP:0(118) Pw:63(109) AC:-17 Xp:11 T:21094  Stressed

Latest messages:
 A trap door in the ceiling opens and a rock falls on your head!
 Fortunately, you are wearing a hard helmet.
 The manes misses!
 The manes hits!
 The manes misses!
 Your silver Demonbane sears the manes' flesh!
 You destroy the manes!
 There are several objects here.
 You hit the lizard!
 You hit the lizard!
 The lizard misses!
 You kill the lizard!
 The pyrolisk attacks you with a fiery gaze!
 The pyrolisk attacks you with a fiery gaze!
 The pyrolisk attacks you with a fiery gaze!
 The pyrolisk attacks you with a fiery gaze!
 You miss the winged gargoyle.
 The winged gargoyle hits!
 The winged gargoyle hits again!
 The winged gargoyle misses!
 The winged gargoyle hits!
 The winged gargoyle misses!
 The winged gargoyle misses!
 The winged gargoyle hits!
 The winged gargoyle misses!
 The winged gargoyle misses!
 The pyrolisk attacks you with a fiery gaze!
 Your potion of full healing boils and explodes!
 Your lamp catches light!
 You kill the winged gargoyle!
 You have trouble lifting e - a scroll labeled GHOTI.
 j - 2 scrolls of identify.
 d - a potion of water (2 in total).
 v - an iridium wand.
 The pyrolisk attacks you with a fiery gaze!
 One of your scrolls of identify catches fire and burns!
 One of your potions of water boils and explodes!
 You don't have enough stamina to move.
 You don't have enough stamina to move.
 You don't have enough stamina to move.
 You don't have enough stamina to move.
 You don't have enough stamina to move.
 The pyrolisk attacks you with a fiery gaze!
 You die...
 Do you want your possessions identified? [ynq] (y) y
 Do you want to see your attributes? [ynq] (y) y
 Do you want an account of creatures vanquished? [ynaq] (y) y
 Do you want a list of species genocided? [ynq] (y) y
 Do you want to see your conduct and achievements? [ynq] (y) y
 Do you want to see the dungeon overview? [ynq] (y) q

Inventory:
 Coins    ('$')
  $ - 135 gold pieces
 Amulets  ('"')
  k - an amulet of reflection (being worn)
 Weapons  (')')
  F - 5 +0 daggers
  S - the +2 Demonbane (weapon in right hand)
 Armor    ('[')
  r - a blessed +0 orcish helm (being worn)
  T - a blessed rustproof +3 pair of gauntlets of power (being worn)
  l - a blessed fireproof +3 pair of speed boots (being worn)
  c - a burnt +2 small shield (being worn)
  b - a blessed thoroughly burnt +2 robe (being worn)
  u - a blessed +4 plate mail (being worn)
 Comestibles  ('%')
  B - 2 food rations
  W - a lembas wafer
  f - a sprig of wolfsbane
  M - a lizard corpse
 Scrolls  ('?')
  a - a cursed scroll of create monster
  e - a scroll of gold detection
  j - a scroll of identify
 Potions  ('!')
  R - a potion of sleeping
  i - a diluted potion of sleeping
  d - a potion of water
 Rings    ('=')
  n - a ring of fire resistance
  E - a ring of invisibility
  D - a ring of levitation
  O - a ring of poison resistance
  h - a ring of polymorph control
  s - a ring of searching
  o - a ring of sustain ability
  L - a ring of teleport control
 Wands    ('/')
  H - a wand of cancellation (0:7)
  J - a wand of create monster (0:12)
  v - a wand of secret door detection (0:12)
  V - a wand of sleep (0:7)
  U - a wand of slow monster (0:6)
  m - a wand of teleportation (0:4)
 Tools    ('(')
  Y - a sack containing 24 items
  t - a magic harp (0:4)
  w - a blindfold
  x - a credit card
  q - a blessed magic marker (0:10)
  p - an oil lamp (lit)
  X - a +0 pick-axe
  g - a +0 unicorn horn
 Gems/Stones  ('*')
  N - a touchstone

Contents of the sack:
  3477 gold pieces
  a blessed +2 aklys
  a blessed very corroded +4 mace
  a +0 pair of elven boots
  a +0 pair of water walking boots
  a +0 mummy wrapping
  a slime mold
  3 food rations
  a fortune cookie
  a K-ration
  2 lichen corpses
  2 lizard corpses
  a scroll of blank paper
  2 cursed scrolls of blank paper
  a blessed scroll of food detection
  a scroll of food detection
  a blessed scroll of identify
  2 scrolls of magic mapping
  a blessed scroll of remove curse
  3 scrolls of teleportation
  a potion of booze
  5 potions of holy water
  a potion of water
  a blessed +1 ring of gain constitution

DaveT the Priest's attributes:

Background:
 You were a Priest, level 11 human.
 You were lawful, on a mission for Mercury
 who was opposed by Venus (neutral) and Mars (chaotic).
 You were right-handed.
 You were in the Dungeons of Doom, on level 12, a very big room.
 You entered the dungeon 21094 turns ago.
 You had 10767 experience points, 9233 more were needed to attain level 12.

Basics:
 You had 0 out of 118 hit points.
 You had 63 out of 109 energy points (spell power).
 Your armor class was -17.
 Your wallet contained 135 zorkmids, and
 you had 3477 more stashed away in your pack.
 Autopickup was off.

Final Characteristics:
 Your strength was 25 (base:10, innate limit:18/100).
 Your dexterity was 10 (peak:16, limit:18).
 Your constitution was 18 (limit:18).
 Your intelligence was 10 (limit:18).
 Your wisdom was 17 (limit:18).
 Your charisma was 10 (limit:18).

Final Status:
 You weren't hungry.
 You were stressed; movement was moderately slowed.
 You were wielding a mace.
 You had expert skill with mace.

Final Attributes:
 You were piously aligned.
 You were cold resistant.
 You were sleep resistant.
 You were poison resistant.
 You were telepathic.
 You aggravated monsters.
 You had a small defense bonus (+3).
 You were guarded.
 Your spell casting was impaired by metallic armor, mitigated by your robe.
 You were very fast.
 You had reflection.
 You are dead.

Miscellaneous:
 You didn't encounter any bones levels.
 Total elapsed playing time was 3 hours, 1 minute and 8 seconds.

Major events:
 Turn
    1: DaveT the lawful human Priest entered the dungeon
 1025: entered the Gnomish Mines
 1364: attained the rank of Acolyte (level 3)
 2409: performed his first genocide (rust monsters)
 2812: made his first wish - "blessed rustproof +3 gauntlets of power", got "a blessed pair of padded gloves"
 2961: attained the rank of Adept (level 6)
 7908: reached Mine Town
 9725: attained the rank of Priest (level 10)
12819: wished for "blessed +3 speed boots", got "a blessed pair of riding boots"
14097: was bestowed with Demonbane by Mercury
14271: was bestowed with Snickersnee by Mercury
15644: entered Sokoban
15991: completed 1st Sokoban level
16298: completed 2nd Sokoban level
16724: completed 3rd Sokoban level
17790: completed 4th Sokoban level
18053: acquired the Sokoban amulet of reflection
20222: entered the Bigroom
21094: killed by a pyrolisk

Spells:
 Name                 Level Category     Fail Retention
 detect monsters        1   divination   100%    (gone)
 cure blindness         2   healing      100%    (gone)
 force bolt             1   attack       100%    1%-25%
 identify               3   divination   100%  76%-100%

Skills:
 Fighting Skills
   bare handed combat [Unskilled]
 Weapon Skills
   long sword         [Unskilled]
   club               [Unskilled]
   mace               [Expert]
   morning star       [Unskilled]
   flail              [Unskilled]
   hammer             [Unskilled]
   quarterstaff       [Unskilled]
   polearms           [Unskilled]
   spear              [Unskilled]
   trident            [Unskilled]
   lance              [Unskilled]
   bow                [Unskilled]
   sling              [Unskilled]
   crossbow           [Unskilled]
   dart               [Unskilled]
   shuriken           [Unskilled]
   boomerang          [Unskilled]
   unicorn horn       [Unskilled]
 Spellcasting Skills
   healing spells     [Unskilled]
   divination spells  [Unskilled]
   clerical spells    [Basic]

Voluntary challenges:
 Character rerolling was not enabled.
 You genocided 1 type of monster.
 You never polymorphed an object.
 You never changed form.
 You used 2 wishes.
 You did not wish for any artifacts.
 You violated the special Sokoban rules 5 times.
Achievements:
 You entered a shop.
 You entered the Gnomish Mines.
 You attained the rank of Acolyte.
 You attained the rank of Adept.
 You entered Minetown.
 You entered a temple.
 You attained the rank of Priest.
 You entered Sokoban.
 You completed Sokoban.
 You entered the Big Room.

 The Dungeons of Doom: levels 1 to 12
    Level 1:
       A fountain.
    Level 2: "empty vault"
       A general store.
    Level 3:
    Level 4:
       A fountain.
       Stairs down to The Gnomish Mines.
    Level 5:
       A general store.
    Level 6:
    Level 7:
    Level 8:
       Some fountains.
       Oracle of Delphi.
    Level 9:
       A grave.
       Stairs up to Sokoban, level 8.
    Level 10:
       Some fountains.
    Level 11:
    Level 12: <- You were here.
       A very big room.
       Final resting place for
          you, killed by a pyrolisk.
 The Gnomish Mines: levels 5 to 9
    Level 5:
    Level 6:
    Level 7:
    Level 8:
       Many shops, a temple and an altar to Mercury, many fountains.
    Level 9:
 Sokoban: levels 8 up to 5
    Level 5:
       Solved.
    Level 6:
       Solved.
    Level 7:
       Solved.
    Level 8:
       Solved.


Vanquished creatures:
  a black pudding
  a winged gargoyle
  2 giant mimics
  2 long worms
 an ogre tyrant
  a flesh golem
 an elven monarch
  a doppelganger
  a large mimic
  a wumpus
  a couatl
  4 stalkers
  a giant mummy
  2 xorns
  4 elf-nobles
  2 water demons
  7 wargs
  2 small mimics
  a xan
  2 ogre leaders
  7 trolls
  a wood golem
  2 gelatinous cubes
  2 large dogs
  a flaming sphere
  a shocking sphere
  a large cat
  2 tigers
  a dwarf ruler
  a tengu
  3 ochre jellies
  3 leocrottas
  2 energy vortices
 an elf mummy
  2 human mummies
  a red naga
  a python
  2 pit vipers
  4 wraiths
  a carnivorous ape
  2 leather golems
  2 soldiers
 an amorous demon
  4 chameleons
  2 crocodiles
  a giant beetle
  5 cockatrices
 11 wolves
  2 winter wolf cubs
  a gremlin
  2 spotted jellies
  9 leprechauns
  2 orc-captains
 an iron piercer
  a mumak
  3 giant spiders
  3 scorpions
  a horse
  2 ice vortices
  a vampire bat
  a gnome ruler
 an orc mummy
  a dwarf mummy
  2 ogres
  3 brown puddings
  4 owlbears
  3 yetis
  2 gold golems
  2 werewolves
  6 Green-elves
 10 lizards
  a dingo
  2 dogs
  a housecat
  5 jaguars
  2 dwarf leaders
  a blue jelly
  2 gray unicorns
  6 dust vortices
  4 ravens
  a plains centaur
  5 snakes
  7 water moccasins
  4 apes
  5 human zombies
  3 rope golems
  5 Woodland-elves
  8 soldier ants
  3 fire ants
  6 bugbears
  2 imps
  2 quasits
  a wood nymph
  2 water nymphs
  4 mountain nymphs
  a Mordor orc
  2 orc shamans
  5 rock piercers
  2 rock moles
  2 ponies
  2 fog clouds
 11 yellow lights
  3 shriekers
  3 violet fungi
 13 gnome leaders
  3 gnomish wizards
  2 kobold mummies
  a red naga hatchling
 an elf zombie
  3 ghouls
  2 straw golems
  a paper golem
  2 giant ants
  5 little dogs
  6 floating eyes
  2 kittens
  4 dwarves
  4 homunculi
  2 kobold leaders
  a kobold shaman
 18 hill orcs
 10 rothes
  2 rabid rats
  5 giant bats
  a monkey
  2 orc zombies
  6 dwarf zombies
  3 wererats
 13 iguanas
 19 killer bees
  3 acid blobs
  5 coyotes
  3 gas spores
  2 hobbits
 13 manes
  a large kobold
  7 hobgoblins
  a giant rat
  7 cave spiders
  3 brown molds
  2 yellow molds
  2 green molds
 41 gnomes
 23 garter snakes
  6 gnome zombies
 16 geckos
 22 jackals
  2 foxes
  a kobold
  7 goblins
  4 sewer rats
  8 grid bugs
  2 bats
 11 lichens
  6 kobold zombies
 10 newts
620 creatures vanquished.

Genocided species:
 rust monsters
1 species genocided.

Game over:
                       ----------
                      /          \
                     /    REST    \
                    /      IN      \
                   /     PEACE      \
                  /                  \
                  |      DaveT       |
                  |     3612 Au      |
                  |   killed by a    |
                  |     pyrolisk     |
                  |                  |
                  |                  |
                  |       2026       |
                 *|     *  *  *      | *
        _________)/\\_//(\/(/\)/\//\/|_)_______

Goodbye DaveT the Priest...

You died in The Dungeons of Doom on dungeon level 12 with 75905 points,
and 3612 pieces of gold, after 21094 moves.
You were level 11 with a maximum of 118 hit points when you died.

